 Dungeon Crawl Stone Soup version 0.29.0-5-ge4962eb29e (webtiles) character file.

Game seed: 7521622470258498977

317 mdonais the Trooper (level 6, -3/38 HPs)
             Began as a Djinni Chaos Knight on Aug 30, 2022.
             Was a Plaything of Xom.
             Slain by a harpy (shapeshifter) (9 damage)
             ... on level 5 of the Dungeon.
             The game lasted 00:10:32 (4164 turns).

mdonais the Trooper (Djinni Chaos Knight)           Turns: 4164, Time: 00:10:33

Health: -3/38      AC:  8    Str: 11    XL:     6   Next: 73%
Gold:   220        EV: 13    Int: 14    God:    Xom [.*....] SH:  0 Dex: 18

rFire   + + +      SeeInvis +   a - +0 falchion (chaos)
rCold   . . .      Faith    .   (no shield)
rNeg    . . .      Spirit   .   r - +2 leather armour "Eloy" {rCorr Dex+4 SInv}
rPois   ∞          Reflect  .   k - +2 helmet
rElec   +          Harm     .   f - +0 cloak
rCorr   +          Rampage  .   e - +0 pair of gloves
Will    .....                   (boots unavailable)
Stlth   +.........              (no amulet)
HPRegen 0.12/turn               s - ring of see invisible
MPRegen 0.00/turn               (no ring)

@: resistant, flying
A: sickness immunity, fire resistance 2, cold vulnerability 1, float, innate
caster, HP casting, extra vitality 1, deformed body, frail 2, screaming 1
a: Renounce Religion


You were on level 5 of the Dungeon.
You worshipped Xom.
You were a plaything of Xom.
You visited 2 branches of the dungeon, and saw 6 of its levels.

You collected 220 gold pieces.

Inventory:

Hand Weapons
 a - a +0 falchion of chaos (weapon)
 b - a +0 sling
   (You found it on level 1 of the Dungeon)
 q - a +1 short sword of venom
   (You took it off a kobold on level 2 of the Dungeon)
Missiles
 d - 61 stones
 t - 5 boomerangs
 v - 3 poisoned darts
 Z - 2 throwing nets {=!f}
Armour
 e - a +0 pair of gloves (worn)
   (You found it on level 1 of the Dungeon)
 f - a +0 cloak (worn)
   (You found it on level 1 of the Dungeon)
 k - a +2 helmet (worn)
   (You found it on level 1 of the Dungeon)
 r - the +2 leather armour "Eloy" (worn) {rCorr Dex+4 SInv}
   (You found it on level 4 of the Dungeon)

   Dex:       It affects your dexterity (+4).
   SInv:      It lets you see invisible.
   rCorr:     It protects you from acid and corrosion.
Jewellery
 s - a ring of see invisible (left hand)
   (You found it on level 3 of the Dungeon)
Wands
 D - a wand of digging (4)
   (You found it on level 3 of the Dungeon)
Scrolls
 g - 2 scrolls of immolation {unknown}
 h - a scroll of enchant armour
 i - a scroll of identify {unknown}
 l - a scroll of silence {unknown}
 m - a scroll of enchant weapon {unknown}
 n - a scroll of poison {unknown}
 o - 3 scrolls of teleportation {unknown}
 p - a scroll of noise {unknown}
 u - a scroll of fear {unknown}
 x - a scroll of blinking {unknown}
Potions
 w - a potion of resistance
 y - a potion of might {unknown}
Miscellaneous
 c - a piece from Xom's chessboard (15/15) (quivered)
 U - a phial of floods (inert)
   (Xom gifted it to you on level 3 of the Dungeon)


   Skills:
 + Level 4.6 Fighting
 + Level 4.2 Long Blades
 - Level 1.0 Armour
 + Level 3.5 Dodging
 + Level 1.5 Spellcasting


You had 5 spell levels left.
You knew the following spells:

 Your Spells              Type           Power      Damage    Failure   Level
a - Beastly Appendage     Tmut           10%        N/A       17%         1
b - Call Imp              Summ           5%         N/A       26%         2
Your spell library was empty.

Dungeon Overview and Level Annotations

Branches:
Dungeon (5/15) Zot: 25888  Temple (1/1) D:4 Zot: 5935

Altars:
Cheibriados
Dithmenos
Fedhas
Gozag
Makhleb
Nemelex Xobeh
Qazlal
Wu Jian

Shops:
D:2 (


Innate Abilities, Weirdness & Mutations

You are immune to sickness and miasma.
You are immune to poison.
Your flesh is very heat resistant. (rF++)
You are vulnerable to cold. (rC-)
You float through the air rather than walking.
You learn spells naturally, not from books.
Your magical power is your life essence.
You have superior vitality. (+4 MHP)
Armour fits poorly on your strangely shaped body.
You are very frail. (-20% HP)
You occasionally shout uncontrollably at your foes.


Message History

You now have 220 gold pieces (gained 7).
A jackal comes into view.
The jackal barks!
You hear a bark!
You closely miss the jackal.
A jackal comes into view.
The jackal closely misses you.
A jackal comes into view.
The jackal barks!
You hit the jackal but do no damage.
The jackal resists with some effort.
The jackal closely misses you.
A jackal comes into view.
You yell at the jackal!
The jackal bites you.
The jackal barks!
You take 2 damage, and have 36/38 hp.
You closely miss the jackal. The jackal misses you.
You hit the jackal but do no damage.
The jackal bites you but does no damage. x2
You hit the jackal. You burn the jackal.
You kill the jackal!
The jackal closely misses you.
You hit the jackal.
You kill the jackal!
The jackal bites you but does no damage.
The jackal barely misses you.
You closely miss the jackal.
The jackal bites you but does no damage. x2
The jackal misses you.
You slash the jackal!
You kill the jackal!
The jackal barely misses you.
The jackal bites you but does no damage.
You closely miss the jackal.
The jackal bites you but does no damage.
You hit the jackal. You freeze the jackal.
The jackal is heavily wounded.
The jackal bites you but does no damage.
The jackal barely misses you.
You closely miss the jackal. You punch the jackal.
You kill the jackal!
No target in view!
No target in view!
No target in view!
No target in view!
No target in view!
No target in view!
No target in view!
(D) Dungeon (T) Temple
Where to? (Enter - D:3 @ (x,y), ? - help)
You see here a jackal corpse.
There is a staircase to the Ecumenical Temple here.
You fly downwards.
Welcome to the Ecumenical Temple!
There is a staircase back to the Dungeon here.
Health restored: 38
Found an opulent altar of Gozag.
Found a burning altar of Makhleb.
Found a radiant altar of Vehumet.
There is a radiant altar of Vehumet here.
Found an ancient bone altar of Kikubaaqudgha.
Found a shadowy altar of Dithmenos.
Found a stormy altar of Qazlal.
Found a sparkling altar of Nemelex Xobeh.
(D) Dungeon (T) Temple
Where to? (Enter - Temple, ? - help)
There is a staircase back to the Dungeon here.
You fly upwards.
Welcome back to the Dungeon!
There is a staircase to the Ecumenical Temple here.
x - a scroll labelled DEIF HESELAARE
There is a blossoming altar of Fedhas here.
You reach down and open the large door.
Found a snail-covered altar of Cheibriados.
Done exploring.
Done exploring.
(D) Dungeon (T) Temple
Where to? (Enter - D:4, ? - help)
You see here a +0 leather armour.
There is a stone staircase leading down here.
You fly downwards.
There is a stone staircase leading up here.
There is a stone staircase leading up here.
t - 5 boomerangs;
y - a fizzy blue potion
d - 61 stones (gained 5)
An ufetubus comes into view. 2 jackals come into view.
The jackal barks!
You hear a shout!
The jackal moves out of view.
Found a scale mail and a pair of embroidered boots.
The jackal bites you but does no damage.
The ufetubus hits you. The ufetubus barely misses you.
You take 2 damage, and have 36/38 hp.
You closely miss the ufetubus. Your punch misses the ufetubus.
The jackal bites you but does no damage. x2
The ufetubus closely misses you. The ufetubus hits you.
The jackal bites you but does no damage.
The jackal misses you.
You take 2 damage, and have 34/38 hp.
The jackal attacks as you move away!
The jackal bites you but does no damage.
The ufetubus hits you. The ufetubus closely misses you.
You take 3 damage, and have 31/38 hp.
The jackal bites you but does no damage.
The jackal attacks as you move away!
The jackal bites you but does no damage.
You barely miss the jackal. The jackal barely misses you. x2
You hit the jackal. You burn the jackal.
The jackal is severely wounded.
The jackal barely misses you.
You hit the jackal but do no damage.
The jackal is poisoned.
The jackal is severely wounded.
You kill the jackal!
The ufetubus completely misses you. The ufetubus hits you.
You take 1 damage, and have 30/38 hp.
You slash the ufetubus!
You kill the ufetubus!
You hit the jackal.
The jackal changes into a shapeshifter!
The shapeshifter is severely wounded.
The shapeshifter changes into a harpy!
You hit the harpy. You burn the harpy.
The harpy is moderately wounded.
The harpy claws you. x2; The harpy misses you.
The harpy claws you but does no damage.
You take 11 damage, and have 19/38 hp.
MASSIVE DAMAGE!!
You are too injured to fight recklessly!
You are too injured to fight recklessly!
You are too injured to fight recklessly!
You are too injured to fight recklessly!
You are too injured to fight recklessly!
You are too injured to fight recklessly!
You are too injured to fight recklessly!
You are too injured to fight recklessly!
You are too injured to fight recklessly!
You are too injured to fight recklessly!
You are too injured to fight recklessly!
You are too injured to fight recklessly!
You are too injured to fight recklessly!
You are too injured to fight recklessly!
You are too injured to fight recklessly!
Okay, then.
It was a potion of resistance.
You feel protected.
Xom roars with laughter!
The harpy screeches!
The harpy barely misses you. The harpy misses you. The harpy claws you.
The harpy claws you!
* * * LOW HITPOINT WARNING * * *
You take 9 damage, and have 10/38 hp.
MASSIVE DAMAGE!!
It was a potion of curing.
You feel better. The harpy claws you!
* * * LOW HITPOINT WARNING * * *
The harpy barely misses you. The harpy claws you!
You die...
Xom is highly amused!

##..## #....# #...##
.## ##....## ..#
##......# [.### #
#.......# ....#..
##.....## .......
#....#####......#
###....#@#.......[
##.#...##H#.h......
#..........5#...##.
#.........#.# .....
#........##... ....
###......###........
#..........##.......
###......##...........
#.....<### ..........


You could see a harpy shaped shifter.

Vanquished Creatures
  Menkaure (D:4)
  An iguana (D:4)
  Robin (D:3)
  8 adders
  An ufetubus (D:5)
  2 dart slugs
  4 ball pythons
  4 bats
  7 endoplasms
  3 giant cockroaches
  16 goblins
  A hobgoblin (D:3)
  12 jackals
  5 quokkas
  3 frilled lizards
  5 kobolds
  6 rats
80 creatures vanquished.

Vanquished Creatures (collateral kills)
  A ball python (D:4)
1 creature vanquished.

Vanquished Creatures (others)
  A goblin (D:3)
  A jackal zombie (D:3)
2 creatures vanquished.

Grand Total: 83 creatures vanquished

Notes
Turn   | Place    | Note
-------+----------+-------------------------------------------
     0 | D:1      | mdonais the Djinni Chaos Knight began the quest for the
                  | Orb.
     0 | D:1      | Reached XP level 1. HP: 20/20 MP: 0/0
   112 | D:1      | Reached XP level 2. HP: 25/25 MP: 0/0
   313 | D:1      | XOM: divination: detect creatures
   366 | D:1      | XOM: noise
   599 | D:1      | XOM: silly message
   840 | D:1      | XOM: silly message
   888 | D:1      | XOM: 2-stop teleportation journey
   995 | D:1      | Found a faded altar of an unknown god.
  1076 | D:2      | Reached XP level 3. HP: 28/30 MP: 0/0
  1076 | D:2      | Learned a level 1 spell: Beastly Appendage
  1081 | D:2      | XOM: 1-stop teleportation journey
  1355 | D:2      | XOM: give mutations
  1355 | D:2      | Gained mutation: Armour fits poorly on your strangely
                  | shaped body. [Xom's mischief]
  1355 | D:2      | Gained mutation: You are frail. (-10% HP) [Xom's mischief]
  1355 | D:2      | Gained mutation: You occasionally shout uncontrollably at
                  | your foes. [Xom's mischief]
  1355 | D:2      | Gained mutation: You are very frail. (-20% HP) [Xom's
                  | mischief]
  1381 | D:2      | Found Vuavao Waedgh's Weapon Boutique.
  1419 | D:2      | Reached XP level 4. HP: 29/29 MP: 0/0
  1455 | D:2      | XOM: 1-stop teleportation journey
  1569 | D:2      | XOM: silly message
  1874 | D:3      | XOM: destruction
  1918 | D:3      | Found an ornate altar of the Wu Jian Council.
  1945 | D:3      | XOM: fog
  1988 | D:3      | Reached XP level 5. HP: 23/32 MP: 0/0
  1988 | D:3      | Learned a level 2 spell: Call Imp
  2349 | D:3      | Noticed Robin
  2392 | D:3      | Killed Robin
  3101 | D:3      | XOM: god gift: phial of floods
  3157 | D:4      | Identified the +2 leather armour "Eloy" {rCorr Dex+4 SInv}
  3175 | D:4      | Noticed Menkaure
  3539 | D:4      | Reached skill level 1 in Spellcasting
  3555 | D:4      | XOM: cloud trail
  3637 | D:4      | Killed Menkaure
  3638 | D:4      | Reached XP level 6. HP: 26/38 MP: 0/0
  3775 | D:4      | Found a blossoming altar of Fedhas.
  3796 | D:4      | Found a staircase to the Ecumenical Temple.
  3796 | D:4      | XOM: 7-stop teleportation journey
  3906 | Temple   | Entered the Ecumenical Temple
  4066 | D:4      | Found a snail-covered altar of Cheibriados.
  4120 | D:5      | Entered Level 5 of the Dungeon
  4161 | D:5      | Noticed a shapeshifter
  4161 | D:5      | a jackal changed into a shapeshifter
  4161 | D:5      | Noticed a harpy
  4161 | D:5      | a shapeshifter changed into a harpy
  4164 | D:5      | Slain by a harpy (shapeshifter)

Illustrated notes

Levels and vault maps discovered:
D:1:      eino_arrival_water_star, layout_basic,
          dilly_ecumenical_altar_fadedgnrine
D:2:      layout_basic, serial_corexii_hall, chequers_hall_statues_y,
          chequers_hall_statues_y, serial_shops, nicolae_shop_hallway_plus
D:3:      layout_basic, mainiacjoe_overflow_concentric_impassable, uniq_robin
D:4:      layout_rooms, nicolae_overflow_crystal_walls, general_overflow_altar,
          minmay_temple_entry_glass, uniq_menkaure
D:5:      layout_cave_pools, lemuel_crystal_altar
Temple:   nicolae_temple_great_sept

Skill      XL: |  1  2  3  4  5 |
---------------+----------------+-----
Long Blades    | 3 4 |  4.2
Fighting       | 4 |  4.6
Dodging        | 3 |  3.5
Spellcasting   | 1 |  1.5
Armour         | |  1.0

Action                   |  1- 3 |  4- 6 || total
-------------------------+-------+-------++-------
Melee: Falchion          |    81 |   161 ||   242
       Punch             |       |     2 ||     2
 Fire: Sling             |     9 |       ||     9
 Cast: Beastly Appendage |     1 |       ||     1
       Call Imp          |       |     1 ||     1
Evoke: Piece from Xom's  |       |     3 ||     3
       Phial of floods   |       |     1 ||     1
  Use: Scroll            |       |     3 ||     3
       Potion            |       |     4 ||     4
 Stab: Invisible         |       |     3 ||     3
       Sleeping          |       |     1 ||     1
Armor: Leather armour    |    33 |    93 ||   126
Dodge: Dodged            |    64 |   123 ||   187
